 Dungeon Crawl Stone Soup version 0.29-a0-813-g4a14ea37d6 (webtiles) character file.

Game seed: 10514790499969234547

429 LynnLen the Covert (level 6, 0/32 HPs)
             Began as a Vampire Enchanter on July 4, 2022.
             Slain by an orc
             ... wielding a +2 dagger of speed
              (2 damage)
             ... on level 3 of the Dungeon.
             The game lasted 00:11:30 (3136 turns).

LynnLen the Covert (Vampire Enchanter)              Turns: 3136, Time: 00:11:30

Health: 0/32       AC:  4    Str: 13    XL:     6   Next: 66%
Magic:  9/9        EV: 13    Int: 18    God:
Gold:   143        SH:  0    Dex: 16    Spells: 3/9 levels left

rFire   . . .      SeeInvis +   s - +2 short sword (elec)
rCold   + + .      Faith    .   (no shield)
rNeg    + + +      Spirit   .   n - +0 leather armour
rPois   ∞          Reflect  .   (no helmet)
rElec   .          Harm     .   (no cloak)
rCorr   .          Rampage  .   (no gloves)
Will    .....                   e - +0 pair of boots "Dudi Asa" {Slay+2 Stlth+}
Stlth   +++++++...              (no amulet)
HPRegen 0.00/turn               a - +6 ring of strength
MPRegen 0.11/turn               (no ring)

@: bloodless, inhibited regen
A: bloodless, fangs 3, see invisible, vampiric 2
a: Bat Form, Revivify


You were on level 3 of the Dungeon.
You visited 1 branch of the dungeon, and saw 3 of its levels.

You collected 143 gold pieces.

Inventory:

Hand Weapons
 h - a +2 dagger of draining
 s - a +2 short sword of electrocution (weapon)
Missiles
 l - 3 poisoned darts (quivered)
Armour
 e - the +0 pair of boots "Dudi Asa" (worn) {Slay+2 Stlth+}
   (You acquired it on level 1 of the Dungeon)

   Slay:      It affects your accuracy & damage with ranged weapons and melee
   (+2).
   Stlth:     It makes you more stealthy.
 n - a +0 leather armour (worn)
Jewellery
 a - a +6 ring of strength (left hand)
 k - an amulet of faith
Scrolls
 d - 3 scrolls of teleportation
 f - a scroll of fear {unknown}
 m - 3 scrolls of enchant weapon {unknown}
 p - a scroll of amnesia {unknown}
 q - a scroll of magic mapping {unknown}
 r - a scroll of noise {unknown}
Potions
 b - a potion of ambrosia {unknown}
 c - a potion of invisibility
 g - a potion of lignification
 i - a potion of resistance
 j - a potion of mutation {unknown}
 o - 2 potions of curing {unknown}


   Skills:
 + Level 2.4 Short Blades
 * Level 4.1 Dodging
 * Level 9.1 Stealth
 + Level 2.4 Spellcasting
 + Level 5.3 Hexes


You had 3 spell levels left.
You knew the following spells:

 Your Spells              Type           Power      Damage    Failure   Level
a - Confusing Touch       Hex            21%        N/A       8%          3
b - Tukima's Dance        Hex            21%        N/A       8%          3

Your spell library contained the following spells:

 Spells                   Type           Power      Damage    Failure   Level
 Ensorcelled Hibernation  Hex/Ice        22%        N/A       11%         2
 Summon Small Mammal      Summ           8%         N/A       22%         1
 Dazzling Flash           Conj/Hex       22%        N/A       22%         3
 Summon Guardian Golem    Hex/Summ       11%        N/A       22%         3
 Call Canine Familiar     Summ           2%         N/A       54%         3


Dungeon Overview and Level Annotations

Branches:
Dungeon (3/15)

Altars:
Yredelemnul

Shops:
D:3 ?


Innate Abilities, Weirdness & Mutations

You do not regenerate when monsters are visible.
You are frail without blood (-20% HP).
You can heal yourself when you bite living creatures.
You are immune to poison.
You have razor-sharp teeth.
You have supernaturally acute eyesight. (SInv)
You are afflicted with vampirism and can become a bat while bloodless.


Message History

There is a stone staircase leading up here.
Press: ? - help, v - describe, . - travel
Here: an orc, wielding a +0 hand axe and wearing a +0 kite shield (wandering, hasn't noticed you)
The floor.
There is a stone staircase leading up here.
You climb upwards.
There is a stone staircase leading down here.
You hear the crackle of electricity.
s - a +2 short sword of electrocution (weapon)
You climb downwards.
There is a stone staircase leading up here.
The orc hits you but does no damage. The orc blocks your attack.
The orc closely misses you.
The orc shouts!
You closely miss the orc. The orc hits you but does no damage.
The orc hits you with a +0 short sword.
You barely miss the orc. The orc hits you with a +0 hand axe.
The orc hits you with a +0 short sword.
The orc drinks a potion.
The orc flickers and vanishes for a moment.
You closely miss the orc. You bite the orc.
You draw the orc's blood!
You feel better.
The orc is severely wounded.
The orc closely misses you. The orc hits you with a +0 short sword.
The orc hits you but does no damage. The orc blocks your attack.
The orc is severely wounded.
The orc hits you with a +2 dagger of speed.
The orc barely misses you. The orc hits you with a +0 hand axe.
The orc blocks your attack.
Your bite misses the orc.
The orc is severely wounded.
The orc hits you with a +2 dagger of speed. x2
The orc barely misses you. The orc completely misses you.
The orc blocks your attack.
You bite the orc.
You kill the orc!
The orc hits you but does no damage. The orc hits you with a +0 short sword.
* * * LOW HITPOINT WARNING * * *
The orc attacks as you move away! The orc hits you with a +0 short sword.
* * * LOW HITPOINT WARNING * * *
The orc hits you with a +2 dagger of speed.
You die...

.................######..... .
###..#..####............#...####.
###....#######.#.######..##...#..
.......#..........# ..##..#.#.
####..............#### #.##.#[..#
# #.................###.###..∩..
# #............o.##........#...#
#..##........o.)..........#.#.
##..##........@.#.........÷.#..
##...............##.......÷÷#..#
##....##..........##.)...........
.....###.......>..##.........####
##...# ###..########.........#
#...# #.## ########### #...# ###
#...# #####


You could see 2 orcs.

Vanquished Creatures
  Grinder (D:3)
  A necrophage (D:3)
  Jessica (D:3)
  An orc wizard (D:3)
  Natasha (D:2)
  A hound zombie (D:3)
  An adder (D:3)
  An adder zombie (D:3)
  A worm (D:2)
  2 dart slugs
  5 orcs
  4 endoplasms
  2 giant cockroaches
  8 goblins
  3 hobgoblins
  3 jackals (D:1)
  8 kobolds
  3 quokkas
  9 ball pythons
  A ball python zombie (D:3)
  8 bats
  2 frilled lizards
  7 rats
74 creatures vanquished.

Notes
Turn   | Place    | Note
-------+----------+-------------------------------------------
     0 | D:1      | LynnLen the Vampire Enchanter began the quest for the Orb.
     0 | D:1      | Reached XP level 1. HP: 13/13 MP: 3/3
    12 | D:1      | Found a faded altar of an unknown god.
   190 | D:1      | Reached XP level 2. HP: 16/19 MP: 5/5
   459 | D:1      | Reached skill level 5 in Hexes
   485 | D:1      | Reached skill level 5 in Stealth
   647 | D:1      | Gained mutation: You are afflicted with vampirism and can
                  | become a bat while bloodless. [Vampire growth]
   647 | D:1      | Reached XP level 3. HP: 19/19 MP: 6/6
  1116 | D:1      | Identified a scroll of acquirement
  1116 | D:1      | Acquired the +0 pair of boots "Dudi Asa" {Slay+2 Stlth+}
  2023 | D:2      | Noticed Natasha
  2030 | D:2      | Killed Natasha
  2031 | D:2      | Reached skill level 6 in Stealth
  2031 | D:2      | Reached XP level 4. HP: 24/24 MP: 7/7
  2035 | D:2      | Learned a level 3 spell: Confusing Touch
  2039 | D:2      | Learned a level 3 spell: Tukima's Dance
  2416 | D:3      | Noticed a necrophage
  2448 | D:3      | Killed a necrophage
  2449 | D:3      | Reached XP level 5. HP: 19/28 MP: 5/8
  2593 | D:3      | Found a basalt altar of Yredelemnul.
  2605 | D:3      | Reached skill level 7 in Stealth
  2653 | D:3      | Noticed Jessica
  2660 | D:3      | Killed Jessica
  2773 | D:3      | Found Gefuf's Magic Scroll Shoppe.
  2804 | D:3      | Noticed Grinder
  3016 | D:3      | Killed Grinder
  3017 | D:3      | Reached skill level 9 in Stealth
  3017 | D:3      | Reached XP level 6. HP: 23/32 MP: 6/9
  3136 | D:3      | Slain by an orc

Illustrated notes

Levels and vault maps discovered:
D:1:      grunt_arrival_lava_bath, layout_basic,
          dreamdust_ecumenical_altar_hidden_monk_grotto, minmay_close_crescents
D:2:      layout_basic, serial_corexii_hall, chequers_hall_statues_wall_a,
          corexii_hall_statues_s, chequers_hall_statues_wall_a,
          corexii_hall_statues_l, corexii_hall_statues_l,
          corexii_hall_statues_x, hangedman_feature_mirror,
          chequers_serial_rivers_large_a, uniq_natasha
D:3:      layout_rooms, nicolae_yredelemnul_corpse_copse, serial_shops,
          nicolae_diamond_shop, uniq_jessica, uniq_grinder

Skill      XL: |  1  2  3  4  5 |
---------------+----------------+-----
Hexes          | 5 |  5.3
Stealth        | 5 6 9 |  9.1
Short Blades   | 2 |  2.4
Dodging        | 3 4 |  4.1
Spellcasting   | |  2.4

Action                   |  1- 3 |  4- 6 || total
-------------------------+-------+-------++-------
Melee: Dagger            |   111 |    45 ||   156
       Bite              |     6 |     6 ||    12
       Short sword       |       |     7 ||     7
 Cast: Confusing Touch   |       |     2 ||     2
 Abil: Exsanguinate      |     2 |       ||     2
  Use: Scroll            |     5 |     1 ||     6
       Potion            |       |     1 ||     1
 Stab: Sleeping          |    13 |     5 ||    18
       Confused          |       |     3 ||     3
Armor: Robe              |    17 |       ||    17
       Leather armour    |       |    12 ||    12
Dodge: Dodged            |    69 |    39 ||   108

Table legend: (Time is in decaauts)
 A = Elapsed time spent in this place.
 B = Non-inter-level travel time spent in this place.
 C = Inter-level travel time spent in this place.
 D = Time resting spent in this place.
 E = Time spent auto-exploring this place.
 F = Levels seen in this place.
 G = Mean time per level.
                   A        B        C        D        E       F      G
               +--------+--------+--------+--------+--------+-----+--------+
         Total |   3143 |   3143 |      0 |    547 |   1593 |   3 | 1047.7 |
       Dungeon |   3143 |   3143 |      0 |    547 |   1593 |   3 | 1047.7 |
               +--------+--------+--------+--------+--------+-----+--------+

Top non-repeatable levels by time:
     D:2: 1483 daAuts
     D:1: 1146 daAuts
     D:3: 512 daAuts
